Map: 애씨드 플랜트 - 래더

Players

Trap - Winner!

  • Race: Protoss Protoss
  • League: Master
  • Spawn Location: 5:00

GOStephano (Stephano)

  • Race: Zerg Zerg
  • Spawn Location: 11:00

Event: HomeStory Cup XVIII

VOD

Have the link to the VOD?

Description

Time

  • Played on: Nov. 23, 2018, 7:12 a.m.
  • Length: 12:15

All games in this series

Show
View Real Time Build Order
Export as new Build Order

Trap Protoss - Winner!

Build Orders: 1 Gate Expand, Oracle Opening, Phoenix Opening, Archon Immortal, Archon Drop 

Get SALT Encoding   

  12  0:00  Probe  
  13  0:12  Probe  
  14  0:19  Pylon  
  14  0:24  Probe  
  15  0:33  Probe  
  15  0:41  Probe  
  16  0:45  Gateway  
  16  0:46  Assimilator  
  17  0:51  Probe  
  18  1:03  Probe  
  19  1:15  Probe  
  20  1:23  Nexus  
  20  1:33  Cybernetics Core  
  20  1:36  Probe  
  21  1:43  Assimilator  
  21  1:48  Probe  
  21  1:53  Pylon  
  22  2:00  Probe  
  23  2:08  Probe  
  23  2:11  Adept  
  26  2:15  Stargate  
  26  2:16  Probe  
  27  2:25  Warp Gate  
  27  2:27  Probe  
  27  2:31  Probe  
  28  2:39  Adept, Probe  
  28  2:40  Probe  
  32  2:50  Phoenix, Probe  
  32  2:51  Probe  
  34  3:02  Probe  
  34  3:03  Probe  
  34  3:04  Oracle  
  38  3:14  Probe  
  38  3:15  Probe  
  43  3:22  Gateway  
  43  3:26  Probe  
  46  3:28  Probe  
  46  3:29  Pylon  
  45  3:34  Assimilator  
  45  3:35  Assimilator  
  45  3:39  Probe  
  46  3:42  Robotics Facility  
  46  3:47  Probe  
  47  3:51  Probe  
  47  3:53  Pylon  
  48  3:56  Twilight Council  
  48  3:59  Probe  
  49  4:03  Probe  
  50  4:17  Gateway, Probe x2  
  50  4:19  Gateway  
  50  4:21  Warp Prism  
  52  4:27  Zealot  
  52  4:28  Zealot  
  52  4:29  Probe x2  
  58  4:35  Pylon  
  60  4:41  Templar Archives  
  60  4:56  Probe  
  60  4:57  Nexus, Probe  
  62  5:00  Pylon  
  62  5:08  Probe  
  62  5:10  Probe  
  64  5:21  High Templar x3  
  68  5:22  High Templar  
  68  5:23  Probe x2  
  68  5:26  Charge, Archon x2  
  68  5:27  Shield Battery, Pylon  
  74  5:30  Gateway  
  74  5:31  Gateway  
  74  5:35  Probe x2  
  76  5:42  Observer  
  77  5:52  Probe x2  
  79  6:04  Probe x2  
  78  6:05  High Templar x2, Zealot x2  
  78  6:06  Probe  
  78  6:11  Archon  
  87  6:14  Probe  
  87  6:15  Forge  
  87  6:16  Probe x2  
  90  6:24  Pylon x2  
  90  6:27  Zealot x4  
  90  6:28  Psionic Storm, Probe x2  
  90  6:29  Probe  
  90  6:31  Protoss Ground Weapons Level 1  
  101  6:42  Assimilator, Probe x2  
  101  6:43  Assimilator  
  101  6:44  Pylon  
  101  6:46  Pylon, High Templar  
  101  6:47  High Templar, Zealot x2  
  107  6:49  Zealot  
  107  6:52  Zealot, Archon  
  115  6:56  Probe x2  
  117  7:02  Probe  
  118  7:11  Probe x2  
  118  7:14  Probe  
  115  7:22  High Templar x2  
  113  7:23  Zealot x4, Immortal  
  111  7:44  Gateway  
  111  7:47  Gateway  
  111  7:49  High Templar x2, Zealot x2  
  119  7:52  Photon Cannon, Immortal  
  119  7:55  Photon Cannon  
  119  7:56  Shield Battery  
  119  7:58  Pylon  
  119  8:04  High Templar, Zealot  
  127  8:06  Pylon  
  127  8:11  Pylon  
  127  8:13  Fleet Beacon  
  127  8:16  Pylon  
  127  8:20  Photon Cannon  
  127  8:22  Immortal  
  127  8:26  Pylon, Photon Cannon  
  127  8:28  Protoss Ground Weapons Level 2  
  127  8:33  Mothership  
  131  8:35  Zealot x2  
  135  8:47  Pylon  
  135  8:50  Pylon, Photon Cannon  
  135  9:00  Photon Cannon  
  135  9:01  Immortal  
  147  9:09  Photon Cannon  
  141  9:17  Stargate  
  141  9:20  High Templar, Zealot  
  141  9:21  Zealot x4  
  153  9:28  Nexus  
  151  9:36  Immortal  
  135  9:50  Pylon  
  137  9:53  Dark Shrine  
  137  10:00  Zealot x8  
  153  10:12  Photon Cannon  
  153  10:13  Photon Cannon  
  151  10:15  Pylon, Immortal  
  138  10:22  High Templar x3  
  138  10:23  High Templar  
  138  10:25  Zealot x4  
  154  10:29  Shield Battery  
  154  10:33  Pylon  
  152  10:41  Archon  
  152  10:49  Carrier x2  
  142  10:52  Zealot x4  
  144  10:59  Zealot x2  
  144  11:00  Zealot x2  
  142  11:11  Probe x3  
  151  11:12  Probe  
  148  11:20  Archon  
  148  11:25  Zealot x2  
  148  11:26  Zealot x6  
  164  11:40  Probe  
  164  11:41  Probe x3  
  164  11:42  Assimilator  
  164  11:43  Assimilator  
  168  11:54  High Templar x4  
  168  11:55  Dark Templar  
  168  12:00  Archon x2  
  174  12:03  Zealot x3  
Show
View Real Time Build Order
Export as new Build Order

GOStephano Zerg 

Build Orders: Hatch First 

Get SALT Encoding   

  12  0:00  Drone  
  13  0:12  Overlord  
  13  0:18  Drone  
  14  0:31  Drone x2  
  16  0:48  Hatchery  
  15  0:51  Drone  
  15  0:55  Drone  
  17  0:59  Drone  
  18  1:10  Extractor  
  17  1:14  Spawning Pool  
  17  1:17  Drone  
  17  1:20  Drone  
  18  1:28  Drone  
  19  1:40  Drone  
  20  1:49  Drone  
  21  2:00  Queen  
  21  2:01  Queen  
  25  2:02  Overlord, Zergling x2  
  26  2:12  Drone x2  
  26  2:15  Metabolic Boost  
  28  2:25  Drone x2  
  30  2:35  Hatchery  
  29  2:41  Queen  
  31  2:47  Overlord  
  31  2:49  Zergling x2  
  32  2:53  Drone  
  32  2:55  Drone  
  32  2:56  Drone  
  35  3:00  Drone  
  36  3:09  Drone x2  
  36  3:10  Drone x3  
  41  3:14  Drone  
  41  3:15  Overlord  
  42  3:21  Queen  
  44  3:28  Evolution Chamber  
  44  3:29  Overlord  
  44  3:30  Drone  
  44  3:35  Drone x2  
  46  3:43  Spore Crawler  
  46  3:46  Queen  
  47  3:50  Drone, Spore Crawler  
  47  3:51  Drone x2  
  47  3:54  Zerg Melee Weapons Level 1  
  49  3:58  Drone  
  49  3:59  Drone x2  
  52  4:04  Drone x2  
  54  4:13  Drone  
  54  4:14  Drone  
  54  4:15  Drone x4  
  58  4:20  Overlord  
  58  4:22  Overlord  
  58  4:27  Overlord  
  58  4:29  Overlord  
  58  4:32  Lair  
  58  4:34  Overlord  
  58  4:39  Drone x2  
  58  4:40  Drone x2  
  62  4:48  Drone  
  62  4:51  Zergling x2  
  62  4:52  Zergling x14  
  70  5:00  Zergling x2  
  70  5:01  Zergling x4  
  70  5:03  Queen x2  
  70  5:06  Extractor x2  
  75  5:11  Zergling x10  
  80  5:17  Spore Crawler  
  79  5:24  Drone x3  
  82  5:32  Overlord  
  82  5:38  Hatchery  
  82  5:39  Drone x3  
  82  5:40  Drone  
  82  5:41  Zergling x14  
  89  5:58  Drone x5  
  91  6:05  Zerg Melee Weapons Level 2  
  91  6:07  Extractor, Hydralisk Den  
  91  6:08  Extractor  
  88  6:14  Baneling Nest  
  88  6:18  Drone x8  
  92  6:36  Hydralisk x6  
  92  6:37  Overlord  
  103  6:44  Overlord  
  103  6:54  Zergling x2  
  103  6:55  Zergling x16  
  103  6:57  Baneling x4  
  103  6:58  Baneling x7  
  103  7:00  Overlord  
  103  7:01  Zergling x10  
  117  7:05  Hydralisk  
  106  7:24  Hydralisk  
  106  7:25  Hydralisk x5  
  106  7:28  Drone x6  
  116  7:35  Pneumatized Carapace  
  111  7:38  Hydralisk x2  
  111  7:40  Zergling x12  
  111  7:42  Overlord  
  118  7:46  Muscular Augments  
  118  7:50  Drone x5  
  123  7:59  Centrifical Hooks  
  123  8:01  Overlord x2  
  123  8:11  Zergling x12  
  128  8:23  Zerg Missile Weapons Level 1  
  128  8:24  Drone x2  
  128  8:25  Drone x3  
  132  8:29  Hydralisk x5  
  132  8:32  Zergling x12  
  132  8:33  Zergling x2  
  149  8:37  Hatchery  
  148  8:42  Overseer  
  148  8:43  Zergling x2  
  148  8:44  Zergling x6  
  152  8:51  Spine Crawler  
  152  8:52  Extractor, Spine Crawler  
  152  8:53  Extractor  
  152  8:55  Baneling x11  
  148  8:56  Zergling x6  
  148  8:57  Grooved Spines, Zergling x12  
  147  9:18  Overlord  
  147  9:19  Extractor  
  147  9:21  Infestation Pit  
  145  9:25  Zergling x2  
  145  9:26  Zergling x26  
  136  9:40  Hydralisk  
  136  9:41  Hydralisk x7  
  145  9:47  Zergling x8  
  149  9:59  Drone  
  151  10:00  Drone x4, Overlord x3  
  151  10:04  Zergling x2  
  151  10:05  Zergling x6  
  158  10:13  Zergling x18  
  167  10:17  Baneling x12  
  164  10:23  Zergling x2  
  164  10:24  Zergling x12  
  171  10:28  Spine Crawler  
  171  10:29  Spine Crawler  
  171  10:30  Spine Crawler x2  
  166  10:38  Zergling x14  
  155  10:55  Zergling x10  
  155  10:56  Zergling x6  
  152  11:02  Hydralisk x3  
  152  11:03  Hydralisk x8  
  153  11:08  Overseer x2  
  135  11:12  Baneling x12  
  135  11:13  Zergling x4  
  132  11:18  Zergling x8  
  132  11:23  Overseer x2  
  136  11:29  Zergling x16  
  143  11:33  Hydralisk x2  
  143  11:38  Zergling x6  
  150  11:42  Zergling x2  
  150  11:43  Zergling x6, Baneling  
  150  11:44  Baneling  
  154  11:52  Zergling x12  
  154  11:53  Baneling x2  
  154  11:54  Baneling x2  
Tags
 
Add a new tag
Caveats
  • Supply blocks, unpowered buildings, or Contaminate may cause inaccurate times.
  • Supply counts are checked every 10 seconds.